 Dungeon Crawl Stone Soup version 0.28-a0-973-ga7f8b01127 (webtiles) character file.

Game seed: 8640084192966786885

1325 cheechan the Gusty (level 8, -26/67 HPs)
             Began as a Naga Air Elementalist on Dec 1, 2021.
             Was an Initiate of Ashenzari.
             Annihilated by a two-headed ogre (31 damage)
             ... on level 5 of the Dungeon.
             The game lasted 00:20:00 (4709 turns).

cheechan the Gusty (Naga Air Elementalist)          Turns: 4709, Time: 00:20:01

Health: -26/67     AC:  8    Str: 10    XL:     8   Next: 60%
Magic:  15/15      EV: 11    Int: 18    God:    Ashenzari [......]
Gold:   86         SH:  0    Dex: 18    Spells: 13/16 levels left

rFire   + . .      SeeInvis +   e - staff of air
rCold   x . .      Faith    .   (no shield)
rNeg    . . .      Spirit   .   a - +0 robe
rPois   +          Reflect  .   b - +1 helmet
rElec   +          Harm     .   (no cloak)
rCorr   .          Rampage  .   d - +2 pair of gloves
Will    +....                   (no barding)
Stlth   +.........              (no amulet)
HPRegen 0.21/turn               k - +6 ring of dexterity
MPRegen 0.14/turn               j - ring of fire

@: confused, lethally poisoned (-26 -> -39), ambrosia-drunk, invisible, very
slow
A: AC +2, large, see invisible, deformed body, poison resistance, slowness 2,
spit poison 1, naga tail 1
a: Spit Poison, Renounce Religion


You were on level 5 of the Dungeon.
You worshipped Ashenzari.
Ashenzari was noncommittal.
You visited 2 branches of the dungeon, and saw 6 of its levels.

You collected 86 gold pieces.

Inventory:

Hand Weapons
 i - a +2 flail of protection
 m - a +0 scythe of freezing
Missiles
 c - 37 poisoned darts
 f - 2 boomerangs
 h - 11 arrows
 l - 6 bolts
Armour
 a - a +0 robe (worn)
 b - a +1 helmet (worn)
 d - a +2 pair of gloves (worn)
Magical Staves
 e - a staff of air (weapon)
Jewellery
 j - a ring of fire (right hand)
 k - a +6 ring of dexterity (left hand)
Wands
 n - a wand of charming (8)
Potions
 g - a potion of ambrosia
 o - a potion of invisibility
 p - a potion of berserk rage {unknown}
 r - a potion of curing {unknown}


   Skills:
 + Level 2.2 Fighting
 + Level 0.6 Short Blades
 + Level 2.0 Staves
 + Level 3.3 Dodging
 + Level 4.2 Stealth
 + Level 4.9 Spellcasting
 + Level 4.8 Conjurations
 + Level 5.6 Air Magic


You had 13 spell levels left.
You knew the following spells:

 Your Spells              Type           Power      Damage    Failure   Level
a - Shock                 Conj/Air       100%       1d9       1%          1
b - Static Discharge      Conj/Air       35%        N/A       2%          2

Your spell library contained the following spells:

 Spells                   Type           Power      Damage    Failure   Level
 Swiftness                Air            37%        N/A       3%          3
 Airstrike                Air            18%        N/A       13%         4
 Ensorcelled Hibernation  Hex/Ice        8%         N/A       21%         2
 Tukima's Dance           Hex            4%         N/A       38%         3
 Iskenderun's Battlesphe  Conj           21%        2d7       45%         5
 Fireball                 Conj/Fire      9%         3d6       80%         5
 Conjure Ball Lightning   Conj/Air       17%        3x3d6     93%         6
 Orb of Destruction       Conj           10%        9d5       100%        7


Dungeon Overview and Level Annotations

Branches:
Dungeon (5/15)             Temple (1/1) D:4

Altars:
Ashenzari
Cheibriados
Elyvilon
Fedhas
Gozag
Hepliaklqana
Kikubaaqudgha
Makhleb
Qazlal
Ru
Trog
Vehumet
Wu Jian
Xom
Zin
The Shining One

Shops:
D:1 :


Innate Abilities, Weirdness & Mutations

Your serpentine skin is tough. (AC +2)
You have supernaturally acute eyesight. (SInv)
Armour fits poorly on your strangely shaped body.
Your system is resistant to poisons. (rPois)
You cover ground very slowly.
You can spit poison.
You have a snake-like lower body.


Message History

Aiming: Shock (safe; 1% risk of failure)
Press: ? - help, Shift-Dir - straight line, f/p - orc
Aim: an orc, wielding a +0 whip and wearing a +0 ring mail (lightly wounded, 77% to hit)
You feel a surge of power!
The zap hits the orc priest!
You kill the orc priest!
The zap hits the orc!
You kill the orc!
Abil: Spit Poison
Press: ? - help, Q - select action, (/) - cycle Shift-Dir - straight line, f - two-headed ogre
Aim: a two-headed ogre, wielding a +0 giant spiked club and a +1 dire flail of venom (moderately wounded)
The splash of poison hits the two-headed ogre!
The two-headed ogre is poisoned.
The two-headed ogre is heavily wounded.
Casting: Shock (safe; 1% risk of failure)
Confirm with . or Enter, or press ? or * to list all spells.
You don't know that spell.
You closely miss the two-headed ogre.
The two-headed ogre is heavily wounded.
The two-headed ogre hits you with a +0 giant spiked club!!
The two-headed ogre hits you with a +1 dire flail of venom!
You are lethally poisoned!
You are confused.
You feel invigorated.
* * * LOW HITPOINT WARNING * * *
You feel very sick.
Okay, then.
You are too confused!
You hit the two-headed ogre.
The two-headed ogre is heavily wounded.
* * * LOW HITPOINT WARNING * * *
You feel very sick.
The two-headed ogre hits you with a +0 giant spiked club!
* * * LOW HITPOINT WARNING * * *
The two-headed ogre closely misses you.
You fade into invisibility!
You have got your breath back.
* * * LOW HITPOINT WARNING * * *
You feel very sick.
The two-headed ogre hits you with a +0 giant spiked club!!
You die...

#.# #.#####
#.....###
..|..... #.....#
#.....#
########.....#
#.......@....+
#.#####.O....#
#§§§....).....#
#§§......).##.#
#........).# #
#####.#####....#
#...§§§.......).
#................
#.............


You could see a two-headed ogre (poisoned).

Vanquished Creatures
  Sigmund (D:3)
  The ghost of pdpol the Skirmisher, an amateur PaWr (D:4)
  4 yaks (D:5)
  2 orc priests (D:5)
  2 hounds (D:4)
  A bullfrog simulacrum (D:4)
  A hound zombie (D:5)
  8 gnolls
  9 adders
  A hound simulacrum (D:4)
  A white imp (D:4)
  A howler monkey simulacrum (D:4)
  An ufetubus (D:4)
  An adder skeleton (D:4)
  A worm (D:3)
  4 dart slugs (D:4)
  An adder simulacrum (D:4)
  8 orcs
  4 ball pythons
  5 endoplasms
  A giant cockroach (D:2)
  9 goblins
  7 hobgoblins
  14 jackals
  7 quokkas
  6 bats
  6 frilled lizards
  11 kobolds
  4 rats
122 creatures vanquished.

Notes
Turn   | Place    | Note
-------+----------+-------------------------------------------
     0 | D:1      | cheechan the Naga Air Elementalist began the quest for the
                  | Orb.
     0 | D:1      | Reached XP level 1. HP: 15/15 MP: 3/3
   113 | D:1      | Reached XP level 2. HP: 18/22 MP: 1/5
   370 | D:1      | Learned a level 2 spell: Static Discharge
   471 | D:1      | Reached XP level 3. HP: 28/28 MP: 0/6
   745 | D:1      | Found Hall's Book Shoppe.
  1074 | D:2      | Reached XP level 4. HP: 24/36 MP: 2/7
  1233 | D:2      | Reached XP level 5. HP: 22/43 MP: 1/9
  1573 | D:2      | Identified a scroll of acquirement
  1573 | D:2      | Acquired a staff of air
  2347 | D:3      | Noticed Sigmund
  2359 | D:3      | Killed Sigmund
  2360 | D:3      | Reached skill level 1 in Fighting
  2360 | D:3      | Reached skill level 4 in Air Magic
  2360 | D:3      | Reached XP level 6. HP: 15/51 MP: 0/10
  3358 | D:4      | Found a staircase to the Ecumenical Temple.
  3378 | Temple   | Entered the Ecumenical Temple
  3653 | Temple   | Became a worshipper of Ashenzari the Shackled
  3699 | D:4      | Found a runed translucent gate.
  3699 | D:4      | Found a runed translucent gate.
  3700 | D:4      | Found a runed translucent gate.
  3748 | D:4      | Reached XP level 7. HP: 39/57 MP: 6/12
  3753 | D:4      | Noticed pdpol's ghost (amateur PaWr)
  3757 | D:4      | Reached skill level 1 in Staves
  3773 | D:4      | Killed pdpol's ghost
  3877 | D:4      | Noticed a yak
  3879 | D:4      | Noticed a yak
  3879 | D:4      | Noticed a yak
  3883 | D:5      | Entered Level 5 of the Dungeon
  3892 | D:5      | Killed a yak
  3972 | D:5      | Killed a yak
  3973 | D:5      | Reached skill level 5 in Air Magic
  3973 | D:5      | Reached XP level 8. HP: 39/67 MP: 5/14
  4106 | D:4      | Noticed a yak
  4117 | D:5      | Killed a yak
  4118 | D:5      | Killed a yak
  4699 | D:5      | Noticed a two-headed ogre
  4708 | D:5      | HP: 2/67 [two-headed ogre (13)]
  4709 | D:5      | Annihilated by a two-headed ogre

Illustrated notes

Levels and vault maps discovered:
D:1:      saegor_arrival_simple_d, layout_loops_cross, serial_shops, shop,
          glass_columns_c, minmay_misc_feat_secret_circle
D:2:      layout_loops_ring
D:3:      minmay_recursive_quarters, layout_basic, serial_bayou_ford_a,
          uniq_sigmund
D:4:      layout_rooms, minmay_temple_entry_ruins, gammafunk_ghost_icy
D:5:      layout_basic, general_overflow_altar, ebering_ghost_sewer_d,
          uniq_edmund
Temple:   nicolae_temple_elliptical

Skill      XL: |  1  2  3  4  5  6  7  8 |
---------------+-------------------------+-----
Dodging        | 2 3 |  3.3
Conjurations   | 2 3 4 |  4.8
Fighting       | 1 2 |  2.2
Stealth        | 4 |  4.2
Spellcasting   | 3 4 |  4.9
Air Magic      | 4 5 |  5.6
Staves         | 1 2 |  2.0
Short Blades   | |  0.6

Action                   |  1- 3 |  4- 6 |  7- 9 || total
-------------------------+-------+-------+-------++-------
Melee: Dagger            |    53 |    14 |       ||    67
       Unarmed           |     1 |       |       ||     1
       Staff             |       |    16 |    32 ||    48
 Cast: Shock             |    51 |    98 |    73 ||   222
       Static Discharge  |       |     2 |     2 ||     4
 Abil: Spit Poison       |    10 |     5 |     4 ||    19
  Use: Potion            |       |     1 |     3 ||     4
       Scroll            |       |     7 |     1 ||     8
 Stab: Sleeping          |     1 |       |       ||     1
Armor: Robe              |    22 |    27 |    40 ||    89
Dodge: Dodged            |    56 |    49 |    47 ||   152

Table legend: (Time is in decaauts)
 A = Elapsed time spent in this place.
 B = Non-inter-level travel time spent in this place.
 C = Inter-level travel time spent in this place.
 D = Time resting spent in this place.
 E = Time spent auto-exploring this place.
 F = Levels seen in this place.
 G = Mean time per level.
                   A        B        C        D        E       F      G
               +--------+--------+--------+--------+--------+-----+--------+
         Total |   5967 |   5967 |      0 |   1112 |      0 |   6 |  994.5 |
       Dungeon |   5564 |   5564 |      0 |   1112 |      0 |   5 | 1112.8 |
        Temple |    403 |    403 |      0 |      0 |      0 |   1 |  403.0 |
               +--------+--------+--------+--------+--------+-----+--------+

Top non-repeatable levels by time:
     D:3: 1696 daAuts
     D:2: 1384 daAuts
     D:1: 1055 daAuts
     D:4: 946 daAuts
     D:5: 482 daAuts
  Temple: 403 daAuts
